 Dungeon Crawl Stone Soup version 0.29-a0-275-g389c0b56f3 (webtiles) character file.

Game seed: 9374619425466692489

30 rabbitsville the Grasshopper (level 3, -4/18 HPs)
             Began as a Spriggan Warper on Mar 10, 2022.
             Slain by a worm (10 damage)
             ... on level 2 of the Dungeon.
             The game lasted 00:13:57 (2789 turns).

rabbitsville the Grasshopper (Spriggan Warper)      Turns: 2789, Time: 00:13:58

Health: -4/18      AC:  2    Str:  9    XL:     3   Next: 5%
Magic:  8/8        EV: 17    Int: 14    God:
Gold:   115        SH:  0    Dex: 14    Spells: 6/8 levels left

rFire   . . .      SeeInvis +   a - +0 short sword
rCold   . . .      Faith    .   (no shield)
rNeg    . . .      Spirit   .   b - +0 robe
rPois   .          Reflect  .   (helmet restricted)
rElec   .          Harm     .   (no cloak)
rCorr   .          Rampage  .   (gloves unavailable)
Will    .....                   (boots unavailable)
Stlth   ++........              (no amulet)
HPRegen 0.06/turn               (no ring)
MPRegen 0.11/turn               (no ring)

@: very quick
A: very small, no large weapons, unfitting armour, see invisible, speed 3
a: no special abilities


You were on level 2 of the Dungeon.
You visited 1 branch of the dungeon, and saw 2 of its levels.

You collected 115 gold pieces.

Inventory:

Hand Weapons
 a - a +0 short sword (weapon)
Missiles
 d - 5 boomerangs of dispersal
 i - 69 stones (quivered)
Armour
 b - a +0 robe (worn)
Scrolls
 c - a scroll of blinking
 e - a scroll of teleportation {unknown}
 h - a scroll of magic mapping {unknown}
Potions
 f - 2 potions of invisibility {unknown}
 g - a potion of lignification {unknown}
 j - 3 potions of curing {unknown}
 k - a potion of might {unknown}
 l - a potion of brilliance {unknown}


   Skills:
 - Level 1.5 Fighting
 + Level 2.7 Short Blades
 - Level 1.0 Throwing
 - Level 3.2 Dodging
 + Level 1.1 Stealth
 - Level 3.0 Spellcasting
 + Level 5.3 Translocations


You had 6 spell levels left.
You knew the following spells:

 Your Spells              Type           Power      Damage    Failure   Level
a - Blink                 Tloc           34%        N/A       3%          2

Your spell library contained the following spells:

 Spells                   Type           Power      Damage    Failure   Level
 Gell's Gravitas          Tloc           17%        N/A       7%          3
 Lesser Beckoning         Tloc           17%        N/A       7%          3
 Teleport Other           Tloc           17%        N/A       7%          3
 Manifold Assault         Tloc           17%        N/A       54%         5


Dungeon Overview and Level Annotations

Branches:
Dungeon (2/15)

Altars:


Innate Abilities, Weirdness & Mutations

You are very small and have problems with some larger weapons.
You are too small for most types of armour.
You have supernaturally acute eyesight. (SInv)
You cover ground extremely quickly. (Speed+++)


Message History

The worm is severely wounded.
Throw: 74 stones
Press: ? - help, Q - select action, (/) - cycle Shift-Dir - straight line, f/p - worm
Aim: a worm (severely wounded, 77% to hit)
You throw a stone.
The stone hits the worm but does no damage.
The worm is severely wounded.
You see here a +0 mace.
Throw: 73 stones
Press: ? - help, Q - select action, (/) - cycle Shift-Dir - straight line, f/p - worm
Aim: a worm (severely wounded, 77% to hit)
You throw a stone. The stone hits the worm.
The worm is severely wounded.
Throw: 72 stones
Press: ? - help, Q - select action, (/) - cycle Shift-Dir - straight line, f/p - worm
Aim: a worm (severely wounded, 77% to hit)
You throw a stone.
The stone hits the worm but does no damage.
The worm is severely wounded.
Throw: 71 stones
Press: ? - help, Q - select action, (/) - cycle Shift-Dir - straight line, f/p - worm
Aim: a worm (severely wounded, 77% to hit)
You throw a stone. The stone hits the worm.
The worm is severely wounded.
Throw: 70 stones
Press: ? - help, Q - select action, (/) - cycle Shift-Dir - straight line, f/p - worm
Aim: a worm (severely wounded, 77% to hit)
You throw a stone.
The stone hits the worm but does no damage.
The worm is severely wounded.
You hit the worm but do no damage.
The worm is heavily wounded.
The worm closely misses you.
You barely miss the worm.
The worm is heavily wounded.
You hit the worm.
The worm is almost dead.
The worm bites you!
Ouch! That really hurt!
You die...

#.# #....(#..########
#..... ..##
#....(#..# ######
...# #####.#..# ...#
#.(..####### ...#
###(.......# ...#####
#.(......# ...#...#
#..(.....# ...#...#
#.[.w....#
...#...#####....@...#
...'................#
...#########........#
....................#
###########.........#
####.#<...#.........#
.#........#...[.....#
.#.######....########
.#.......<...#


You could see a worm.

Vanquished Creatures
  A dart slug (D:1)
  A ball python (D:2)
  4 endoplasms
  A giant cockroach (D:2)
  3 goblins (D:1)
  3 hobgoblins
  2 kobolds (D:1)
  3 quokkas
  A bat (D:1)
  A frilled lizard (D:2)
  4 rats
  A bush (D:1)
25 creatures vanquished.

Notes
Turn   | Place    | Note
-------+----------+-------------------------------------------
     0 | D:1      | rabbitsville the Spriggan Warper began the quest for the
                  | Orb.
     0 | D:1      | Reached XP level 1. HP: 10/10 MP: 5/5
   707 | D:1      | Reached XP level 2. HP: 13/14 MP: 6/6
   813 | D:1      | Reached skill level 5 in Translocations
  1523 | D:1      | Learned a level 2 spell: Blink
  1976 | D:2      | Found a faded altar of an unknown god.
  2429 | D:2      | Reached skill level 1 in Stealth
  2530 | D:2      | Reached XP level 3. HP: 18/18 MP: 8/8
  2789 | D:2      | Slain by a worm

Illustrated notes

Levels and vault maps discovered:
D:1:      minmay_arrival_plants_in_alcoves, layout_loops_ring, st_stairs_14
D:2:      layout_basic, hellmonk_ecumenical_altar_run_dry

Skill      XL: |  1  2 |
---------------+-------+-----
Spellcasting   | 3 |  3.0
Translocations | 5 |  5.3
Stealth        | 1 |  1.1
Fighting       | |  1.5
Short Blades   | |  2.7
Throwing       | |  1.0
Dodging        | |  3.2

Action                   || total
-------------------------++-------
Melee: Short sword       ||   268
       Punch             ||     6
Throw: Stone             ||    26
       Boomerang         ||     2
 Stab: Sleeping          ||     1
Armor: Robe              ||     5
Dodge: Dodged            ||    66

Table legend: (Time is in decaauts)
 A = Elapsed time spent in this place.
 B = Non-inter-level travel time spent in this place.
 C = Inter-level travel time spent in this place.
 D = Time resting spent in this place.
 E = Time spent auto-exploring this place.
 F = Levels seen in this place.
 G = Mean time per level.
                   A        B        C        D        E       F      G
               +--------+--------+--------+--------+--------+-----+--------+
         Total |   2244 |   2219 |     25 |    977 |    312 |   2 | 1122.0 |
       Dungeon |   2244 |   2219 |     25 |    977 |    312 |   2 | 1122.0 |
               +--------+--------+--------+--------+--------+-----+--------+

Top non-repeatable levels by time:
     D:1: 1395 daAuts
     D:2: 849 daAuts
